 Dungeon Crawl Stone Soup version 0.30-a0-782-ge64f9170bb (webtiles) character file.

Game seed: 13677499855125421064

161 Crownlay the Poker (level 5, 46/46 HPs)
             Began as a Minotaur Gladiator on Mar 5, 2023.
             Quit the game on level 3 of the Dungeon.
             The game lasted 00:03:49 (2227 turns).

Crownlay the Poker (Minotaur Gladiator)             Turns: 2227, Time: 00:03:49

Health: 46/46      AC:  3    Str: 18    XL:     5   Next: 18%
Magic:  4/4        EV: 12    Int:  7    God:
Gold:   128        SH:  0    Dex: 12    Spells: 4/4 levels left

rFire   . . .      SeeInvis .    a - +0 trident
rCold   . . .      Faith    .    (no shield)
rNeg    . . .      Spirit   .    b - +0 leather armour
rPois   +          Reflect  .    c - +0 hat
rElec   .          Harm     .    (no cloak)
rCorr   .          Rampage  .    (no gloves)
Will    .....                    (no boots)
Stlth   +                        (no amulet)
HPRegen 0.27/turn                n - ring of poison resistance
MPRegen 0.09/turn                (no ring)

@: no status effects
A: horns 2, retaliatory headbutt
a: no special abilities


You were on level 3 of the Dungeon.
You visited 1 branch of the dungeon, and saw 3 of its levels.
You also visited: Sewer.

You collected 128 gold pieces.

Inventory:

Hand Weapons
 a - a +0 trident (weapon)
Missiles
 d - 3 throwing nets (quivered)
 e - a javelin
Armour
 b - a +0 leather armour (worn)
 c - a +0 hat (worn)
Jewellery
 n - a ring of poison resistance (left hand)
Scrolls
 f - 4 scrolls of identify {unknown}
 g - 2 scrolls of fog
 j - 2 scrolls of teleportation
 k - a scroll of amnesia {unknown}
 m - a scroll of blinking {unknown}
 q - 2 scrolls of vulnerability {unknown}
 r - 2 scrolls of immolation {unknown}
 t - a scroll of noise {unknown}
 u - a scroll of torment {unknown}
 y - a scroll of enchant weapon {unknown}
 z - a scroll of brand weapon {unknown}
Potions
 h - a potion of ambrosia {unknown}
 i - 2 potions of might {unknown}
 l - a potion of lignification {unknown}
 o - a potion of invisibility {unknown}
 p - a potion of heal wounds {unknown}
 s - a potion of curing {unknown}
 v - 6 potions of flight
 w - a potion of resistance {unknown}
 x - a potion of magic {unknown}
 A - a potion of berserk rage {unknown}


   Skills:
 + Level 3.8 Fighting
 * Level 5.7 Polearms
 - Level 2.0 Throwing
 - Level 3.2 Dodging
 + Level 2.7 Shields


You had 4 spell levels left.
You didn't know any spells.
Your spell library contained the following spells:

 Spells                   Type           Power      Damage    Failure   Level
 Freeze                   Ice            0%         1d3       50%         1
 Frozen Ramparts          Ice            0%         1d1       86%         3
 Hailstorm                Conj/Ice       0%         3d3       86%         3
 Airstrike                Air            0%         2d(0-16)  99%         4
 Summon Lightning Spire   Summ/Air       0%         N/A       99%         4
 Lightning Bolt           Conj/Air       0%         1d11      100%        5


Dungeon Overview and Level Annotations

Branches:
Dungeon (3/15)              Sewer (visited)

Altars:

Shops:
D:1 *


Innate Abilities, Weirdness & Mutations

You have a pair of horns on your head.
You reflexively headbutt those who attack you in melee.


Message History

You kill the rat!
You hit the orc.
The orc is lightly wounded.
The orc hits you with a +0 hand axe.
You barely miss the orc.
The orc is lightly wounded.
The orc hits you with a +0 hand axe.
You hit the orc.
The orc is heavily wounded.
The orc barely misses you.
You barely miss the orc.
The orc is heavily wounded.
The orc closely misses you.
You hit the orc.
You kill the orc!
No target in view!
No target in view!
No target in view!
A hobgoblin comes into view.
A hobgoblin is nearby!
A hobgoblin is nearby!
Things that are here:
a +0 hand axe; an orc corpse; a rat corpse No target in view!
No target in view!
A hobgoblin is nearby!
A hobgoblin is nearby!
A hobgoblin is nearby!
Found a golden potion.
You hit the hobgoblin.
The hobgoblin is lightly wounded.
The hobgoblin closely misses you. You furiously retaliate!
You headbutt the hobgoblin!
You kill the hobgoblin!
No target in view!
No target in view!
No target in view!
No target in view!
No target in view!
Are you sure you want to abandon this character and quit the game? (Confirm with "yes".)

#.# #.# ### ##.# ###..
..# .##.# ... # .##.#
#.##.###. .##.#
#$...!... .##.# #@#
#.#.# ##.######. ##.>#
#......... ##.#
##.####### ##.## #.#
#.####### #)# .......>.
#.#
################.######
........................


There were no monsters in sight!

Vanquished Creatures
  6 adders
  A river rat (Sewer)
  A worm (D:3)
  4 dart slugs
  2 orcs (D:3)
  2 endoplasms
  8 giant cockroaches
  6 goblins
  7 hobgoblins
  6 jackals
  5 quokkas
  10 ball pythons
  7 bats
  4 frilled lizards
  4 kobolds
  5 rats
78 creatures vanquished.

Notes
Turn   | Place    | Note
-------+----------+-------------------------------------------
     0 | D:1      | Crownlay the Minotaur Gladiator began the quest for the
                  | Orb.
     0 | D:1      | Reached XP level 1. HP: 18/18 MP: 0/0
   128 | D:1      | Found a faded altar of an unknown god.
   149 | D:1      | Reached skill level 4 in Polearms
   152 | D:1      | Reached XP level 2. HP: 24/25 MP: 1/1
   170 | D:1      | Reached skill level 1 in Shields
   173 | D:1      | Found Yprogol's Assorted Antiques.
   533 | D:2      | Reached XP level 3. HP: 31/31 MP: 2/2
  1327 | D:3      | Reached skill level 5 in Polearms
  1339 | D:3      | Reached XP level 4. HP: 30/38 MP: 3/3
  1339 | D:3      | Found a glowing drain.
  1348 | Sewer    | Entered a sewer
  2020 | D:3      | Reached XP level 5. HP: 46/46 MP: 4/4
  2227 | D:3      | Quit the game

Illustrated notes

Levels and vault maps discovered:
D:1:      nagdon_arrival_double_spiral, layout_rooms,
          hellmonk_ecumenical_altar_leap_of_faith, serial_shops, shop,
          solitary_fountain
D:2:      layout_loops_corners, minmay_hexomino_f4
D:3:      minmay_spotlight, layout_loops_ring,
          mainiacjoe_overflow_small_starburst, portal_sewer_entry_d

Skill      XL: |  1  2  3 |
---------------+----------+-----
Polearms       | 4 5 |  5.7
Shields        | 1 2 |  2.7
Fighting       | 3 |  3.8
Throwing       | |  2.0
Dodging        | |  3.2

Action                     |  1- 3 |  4- 6 || total
---------------------------+-------+-------++-------
  Melee: Trident           |    91 |    91 ||   182
         Headbutt          |    14 |     5 ||    19
         Punch             |     1 |       ||     1
    Use: Scroll            |     2 |       ||     2
   Stab: Sleeping          |       |     1 ||     1
 Armour: Leather armour    |    17 |    22 ||    39
  Dodge: Dodged            |    31 |    60 ||    91

Table legend: (Time is in decaauts)
 A = Elapsed time spent in this place.
 B = Non-inter-level travel time spent in this place.
 C = Inter-level travel time spent in this place.
 D = Time resting spent in this place.
 E = Time spent auto-exploring this place.
 F = Levels seen in this place.
 G = Mean time per level.
                   A        B        C        D        E       F      G
               +--------+--------+--------+--------+--------+-----+--------+
         Total |   2402 |   2363 |     39 |      0 |   1886 |   4 |  600.5 |
       Dungeon |   1584 |   1545 |     39 |      0 |   1211 |   3 |  528.0 |
         Sewer |    817 |    817 |      0 |      0 |    675 |   1 |  817.0 |
               +--------+--------+--------+--------+--------+-----+--------+

Top non-repeatable levels by time:
   Sewer: 817 daAuts
     D:2: 798 daAuts
     D:1: 510 daAuts
     D:3: 275 daAuts
